 Dungeon Crawl Stone Soup version 0.31-a0-1019-g3dd9dd1025 (webtiles) character file.

Game seed: 298360474918503082

39 Conn the Caller (level 3, 14/14 HPs)
             Began as a Felid Summoner on Nov 17, 2023.
             Quit the game on level 2 of the Dungeon.
             The game lasted 00:04:12 (1335 turns).

Conn the Caller (Felid Summoner)                    Turns: 1335, Time: 00:04:13

Health: 14/14      AC:  1    Str:  4    XL:     3   Next: 28%
Magic:  7/7        EV: 18    Int: 18    God:
Gold:   98         SH:  0    Dex: 16    Spells: 3/6 levels left
                                        Lives:  0   Deaths: 1

rFire   . . .        (weapon unavailable)
rCold   . . .        (shield unavailable)
rNeg    + . .        (body armour unavailable)
rPois   .            (helmet unavailable)
rElec   .            (cloak unavailable)
rCorr   .            (gloves unavailable)
SInv    +            (boots unavailable)
Will    +....        (no amulet)
Stlth   ++           c - ring of willpower
HPRegen 0.22/turn    e - ring of positive energy
MPRegen 0.10/turn

%: no passive effects
@: quick
A: very small, claws 1, fangs 3, see invisible, speed 1, shaggy fur 1, stealthy
paws, no weapons or thrown items, no armour, multi-lived
a: no special abilities


You were on level 2 of the Dungeon.
You visited 1 branch of the dungeon, and saw 2 of its levels.

You collected 98 gold pieces.

Inventory:

Jewellery
 c - a ring of willpower (left paw)
 e - a ring of positive energy (right paw)
Scrolls
 b - a scroll of revelation {unknown}
 d - a scroll of immolation {unknown}
 h - a scroll of teleportation {unknown}
 k - a scroll of fog {unknown}
Potions
 a - a potion of magic
 f - a potion of haste {unknown}
 g - a potion of cancellation {unknown}
 i - 2 potions of degeneration {unknown}
 j - a potion of heal wounds {unknown}


   Skills:
 + Level 3.3 Dodging
 + Level 3.4 Stealth
 + Level 2.3 Spellcasting
 * Level 4.4 Summonings


You had 3 spell levels left.
You knew the following spells:

 Your Spells              Type           Power      Damage    Failure   Level
a - Summon Small Mammal   Summ           72%        N/A       2%          1
b - Call Imp              Summ           36%        N/A       4%          2

Your spell library contained the following spells:

 Spells                   Type           Power      Damage    Failure   Level
 Call Canine Familiar     Summ           18%        N/A       9%          3
 Slow                     Hex            8%         N/A       17%         1
 Summon Guardian Golem    Hex/Summ       10%        N/A       22%         3
 Confusing Touch          Hex            2%         N/A       45%         3
 Sigil of Binding         Hex            2%         N/A       45%         3
 Vampiric Draining        Necr           2%         2d6       45%         3
 Summon Lightning Spire   Summ/Air       10%        N/A       56%         4


Dungeon Overview and Level Annotations

Branches:
Dungeon (2/15)

Altars:


Innate Abilities, Weirdness & Mutations

You have sharp claws.
You have razor-sharp teeth.
You have supernaturally acute eyesight. (SInv)
You cover ground quickly. (Speed+)
You are covered in fur. (AC +1)
Your paws help you pounce on unaware monsters.
You are incapable of wielding weapons or throwing items.
You cannot wear armour.
You gain extra lives every three experience levels.


Message History

The ball python barely misses you. The ball python grabs you.
The ball python constricts you.
Unknown command.
You closely miss the ball python.
The ball python is moderately wounded.
The ball python barely misses you. The ball python constricts you.
The ball python closely misses you. The ball python bites you.
The ball python constricts you.
Unknown command.
Casting: Summon Small Mammal (safe; 2% risk of failure)
Confirm with . or Enter, or press ? or * to list all spells.
The ball python bites you. The ball python barely misses you.
The ball python constricts you.
Your rat bites the ball python.
The ball python dies!
Unknown command.
You scratch the ball python but do no damage.
The ball python misses you. The ball python grabs you.
The ball python constricts you.
The goblin unwields a +0 club.
The goblin wields a +0 sling.
The goblin shoots a sling bullet.
The sling bullet misses you. The ball python misses you.
The ball python constricts you.
Your rat bites the ball python.
Unknown command.
You closely miss the ball python.
The ball python is severely wounded.
Your bat misses the ball python.
Your bat closely misses the ball python.
The ball python bites you.
* * * LOW HITPOINT WARNING * * *
The ball python constricts you.
* * * LOW HITPOINT WARNING * * *
The goblin shoots a sling bullet.
The sling bullet hits you.
You die...
Your rat barely misses the ball python.
You rejoin the land of the living...
Something loses its grip on you.
Unknown command.
Unknown command.
Unknown command.
Unknown command.
Are you sure you want to abandon this character and quit the game? (Confirm with "yes".)

### ##.#.#~##.#
##.~.~~.8~.#
#..#~~#~.#.#
#~~~~~..~#~#
###.#~...~#~.###
#..~'~~.~.#....#
#.#.'~~.._~.~#.#
#.#~'..~~)#..#.#
###...#~..~~#..#@#######
......~~..~~##..........
#####~~####~~#~#.#######
###.~~# 8~~#)#
##.~####.#)# #.~..~....#
#...).)..## ##########


There were no monsters in sight!

Vanquished Creatures
  4 orcs (D:2)
  An endoplasm (D:2)
  A bat (D:1)
  A kobold (D:1)
  2 rats
9 creatures vanquished.

Vanquished Creatures (collateral kills)
  An orc (D:2)
  2 bats (D:1)
  2 endoplasms (D:1)
  2 hobgoblins
  A kobold (D:1)
  A quokka (D:1)
  6 ball pythons
  A frilled lizard (D:1)
  5 goblins
  4 rats
  A spectral kobold (D:2)
26 creatures vanquished.

Grand Total: 35 creatures vanquished

Notes
Turn   | Place    | Note
-------+----------+-------------------------------------------
     0 | D:1      | Conn the Felid Summoner began the quest for the Orb.
     0 | D:1      | Reached XP level 1. HP: 7/7 MP: 4/4
   290 | D:1      | Reached XP level 2. HP: 11/11 MP: 1/6
  1024 | D:2      | Learned a level 2 spell: Call Imp
  1216 | D:2      | Found a faded altar of an unknown god.
  1251 | D:2      | Reached XP level 3. HP: 10/14 MP: 3/7
  1334 | D:2      | Shot with a sling bullet by a goblin
  1335 | D:2      | Quit the game

Illustrated notes

Levels and vault maps discovered:
D:1:      dpeg_arrival_water_fire, layout_loops_ring
D:2:      layout_loops_ring, dreamdust_ecumenical_altar_drowned_temple,
          basic_altar, uniq_sigmund

Skill      XL: |  1 |
---------------+----+-----
Dodging        | 3 |  3.3
Stealth        | 3 |  3.4
Spellcasting   | |  2.3
Summonings     | |  4.4

Action                     || total
---------------------------++-------
  Melee: Unarmed           ||    51
         Bite              ||     6
         Punch             ||     1
   Cast: Summon Small Mamm ||    40
         Call Imp          ||     3
   Stab: Sleeping          ||     3
 Armour: Skin              ||    18
  Dodge: Dodged            ||    43

Table legend: (Time is in decaauts)
 A = Elapsed time spent in this place.
 B = Non-inter-level travel time spent in this place.
 C = Inter-level travel time spent in this place.
 D = Time resting spent in this place.
 E = Time spent auto-exploring this place.
 F = Levels seen in this place.
 G = Mean time per level.
                   A        B        C        D        E       F      G
               +--------+--------+--------+--------+--------+-----+--------+
         Total |   1162 |   1148 |     14 |      0 |    694 |   2 |  581.0 |
       Dungeon |   1162 |   1148 |     14 |      0 |    694 |   2 |  581.0 |
               +--------+--------+--------+--------+--------+-----+--------+

Top non-repeatable levels by time:
     D:1: 867 daAuts
     D:2: 295 daAuts
